 Seeded DCSS version 0.30-a0-830-gfe289a77b0 (webtiles) character file.

Game seed: 9545873883287505910 (custom seed)

176 hikkokomori the Changer (level 5, -4/42 HPs)
             Began as a Demigod Transmuter on Mar 1, 2023.
             Succumbed to a water moccasin's poison
             ... on level 4 of the Dungeon.
             The game lasted 00:04:06 (3329 turns).

hikkokomori the Changer (Demigod Transmuter)        Turns: 3329, Time: 00:04:06

Health: -4/42      AC:  2    Str: 15    XL:     5   Next: 8%
Magic:  10/10      EV: 12    Int: 18    God:
Gold:   1010       SH:  0    Dex: 17    Spells: 4/7 levels left

rFire   + . .      SeeInvis .    m - +9 war axe of Kish {vamp, *Corrode rF+ Int+3 Dex+3}
rCold   . . .      Faith    .    (no shield)
rNeg    . . .      Spirit   .    a - +0 robe
rPois   .          Reflect  .    (no helmet)
rElec   .          Harm     .    (no cloak)
rCorr   .          Rampage  .    (no gloves)
Will    .....                    (no boots)
Stlth   ++                       (no amulet)
HPRegen 0.27/turn                (no ring)
MPRegen 0.12/turn                (no ring)

@: lethally poisoned (-4 -> -42)
A: high MP 1, forlorn, divine attributes
a: no special abilities


You were on level 4 of the Dungeon.
You visited 2 branches of the dungeon, and saw 5 of its levels.

You collected 1010 gold pieces.

Inventory:

Hand Weapons
 j - a +0 war axe
 m - the +9 war axe of Kish (weapon) {vamp, *Corrode rF+ Int+3 Dex+3}
   (You found it on level 3 of the Dungeon)

   Int:       It affects your intelligence (+3).
   Dex:       It affects your dexterity (+3).
   rF:        It protects you from fire.
   *Corrode:  It may corrode you when you take damage.
Missiles
 k - 6 javelins
 q - 5 atropa-tipped darts
 r - 11 poisoned darts
Armour
 a - a +0 robe (worn)
Jewellery
 f - a ring of resist corrosion
 s - a ring of positive energy
 t - a ring of positive energy
Scrolls
 c - a scroll of amnesia {unknown}
 d - 4 scrolls of identify {unknown}
 i - 2 scrolls of vulnerability {unknown}
 o - a scroll of teleportation {unknown}
Potions
 b - a potion of lignification
 e - 3 potions of flight {unknown}
 g - a potion of brilliance {unknown}
 h - 2 potions of curing {unknown}
 l - a potion of resistance {unknown}
 n - a potion of might {unknown}
 p - a potion of degeneration {unknown}
 u - a potion of haste {unknown}


   Skills:
 + Level 2.4 Fighting
 + Level 1.5 Axes
 + Level 1.0 Armour
 - Level 2.1 Dodging
 - Level 1.8 Stealth
 - Level 2.6 Unarmed Combat
 - Level 1.7 Spellcasting
 + Level 2.9 Transmutations


You had 4 spell levels left.
You knew the following spells:

 Your Spells              Type           Power      Damage    Failure   Level
a - Beastly Appendage     Tmut           24%        N/A       5%          1
b - Wereblood             Tmut           12%        N/A       9%          2

Your spell library contained the following spells:

 Spells                   Type           Power      Damage    Failure   Level
 Foxfire                  Conj/Fire      4%         2x1d4     19%         1
 Freeze                   Ice            4%         1d3       19%         1
 Lesser Beckoning         Tloc           2%         N/A       28%         2
 Spider Form              Tmut/Pois      6%         N/A       30%         3
 Frozen Ramparts          Ice            2%         1d1       50%         3
 Gell's Gravitas          Tloc           1%         N/A       50%         3
 Hailstorm                Conj/Ice       1%         3d3       50%         3
 Mephitic Cloud           Conj/Pois/Air  1%         N/A       50%         3
 Teleport Other           Tloc           1%         N/A       50%         3
 Ice Form                 Ice/Tmut       6%         N/A       69%         4
 Flame Wave               Conj/Fire      1%         2d4       88%         4
 Lightning Bolt           Conj/Air       0%         1d11      99%         5


Dungeon Overview and Level Annotations

Branches:
Dungeon (4/15)             Temple (1/1) D:4

Shops:
D:2 [   D:4 [


Innate Abilities, Weirdness & Mutations

You have an increased reservoir of magic. (+10% MP)
You shall have no god before yourself.
Your divine heritage dramatically boosts your attributes as you level up.


Message History

The water moccasin bites you. The water moccasin closely misses you.
You closely miss the water moccasin.
The water moccasin is moderately wounded.
You feel sick. The water moccasin bites you. The water moccasin misses you.
You are too injured to fight recklessly!
You are too injured to fight recklessly!
You are too injured to fight recklessly!
You are too injured to fight recklessly!
You are too injured to fight recklessly!
You are too injured to fight recklessly!
You are too injured to fight recklessly!
You are too injured to fight recklessly!
You are too injured to fight recklessly!
You are too injured to fight recklessly!
You are too injured to fight recklessly!
You are too injured to fight recklessly!
You are too injured to fight recklessly!
You are too injured to fight recklessly!
You are too injured to fight recklessly!
You are too injured to fight recklessly!
You are too injured to fight recklessly!
You are too injured to fight recklessly!
You are too injured to fight recklessly!
You slash the water moccasin!
You feel better.
The water moccasin is almost dead.
You feel sick. The water moccasin bites you.
You are more poisoned.
The water moccasin poisons you! The water moccasin closely misses you.
You closely miss the water moccasin.
The water moccasin is severely wounded.
You feel very sick. The water moccasin bites you.
You are lethally poisoned!
The water moccasin poisons you! The water moccasin bites you.
* * * LOW HITPOINT WARNING * * *
You are more poisoned.
The water moccasin poisons you!
You barely miss the water moccasin.
The water moccasin is severely wounded.
You die...

.....###..##...........#
.....##......###._.###.#
.....##....... #...#...#
#######......#.##.##.#.##
#......# ......#..#
......####.####..#
..............#
..####.####..#
#.S@....#..# #.##.##.#..#
.. ...# ...# #. ._.# #..#
.. ..... .... ##
........## ########


You could see a water moccasin.

Vanquished Creatures
  A hound (D:4)
  An iguana (D:4)
  3 adders
  An ufetubus (D:4)
  2 worms
  A dart slug (D:2)
  An orc (D:4)
  4 ball pythons
  4 bats
  8 endoplasms
  6 giant cockroaches
  9 hobgoblins
  4 jackals (D:1)
  4 quokkas
  2 frilled lizards
  9 goblins
  7 kobolds
  3 rats
70 creatures vanquished.

Notes
Turn   | Place    | Note
-------+----------+-------------------------------------------
     0 | D:1      | hikkokomori the Demigod Transmuter began the quest for the
                  | Orb.
     0 | D:1      | Reached XP level 1. HP: 15/15 MP: 5/5
    26 | D:1      | Reached skill level 1 in Fighting
    49 | D:1      | Got the Vellum of the Eleven Servitors
   548 | D:1      | Reached XP level 2. HP: 23/23 MP: 7/7
   693 | D:1      | Reached skill level 1 in Stealth
  1177 | D:2      | Found Talekk's Armour Shoppe.
  1366 | D:2      | Reached XP level 3. HP: 25/28 MP: 8/8
  2004 | D:3      | Identified the +9 war axe of Kish {vamp, *Corrode rF+ Int+3
                  | Dex+3}
  2597 | D:3      | Reached XP level 4. HP: 36/36 MP: 9/9
  2928 | D:4      | Found Roitt's Antique Armour Emporium.
  2936 | D:4      | Identified a scroll of acquirement
  2936 | D:4      | Acquired 819 gold pieces
  2948 | D:4      | Reached skill level 1 in Axes
  3033 | D:4      | Found a staircase to the Ecumenical Temple.
  3043 | Temple   | Entered the Ecumenical Temple
  3049 | Temple   | Learned a level 2 spell: Wereblood
  3275 | D:4      | Reached skill level 1 in Armour
  3275 | D:4      | Reached XP level 5. HP: 42/42 MP: 10/10
  3320 | D:4      | Noticed a water moccasin
  3329 | D:4      | Succumbed to a water moccasin's poison

Illustrated notes

Levels and vault maps discovered:
D:1:      doesnt_arrival_eight_statues, layout_loops_ring,
          ebering_ecumenical_altar_petrified
D:2:      layout_loops_corners, serial_shops, shop
D:3:      layout_basic
D:4:      layout_rooms, mainiacjoe_overflow_large_starburst,
          minmay_temple_entry_offerings, serial_shops, shop_statue,
          amethyst_killhole, supply_closet_lemuel
Temple:   hellmonk_temple_of_storms

Skill      XL: |  1  2  3  4 |
---------------+-------------+-----
Fighting       | 1 2 |  2.4
Dodging        | 2 |  2.1
Transmutations | 2 |  2.9
Stealth        | 1 |  1.8
Axes           | 1 |  1.5
Armour         | 1 |  1.0
Unarmed Combat | |  2.6
Spellcasting   | |  1.7

Action                     |  1- 3 |  4- 6 || total
---------------------------+-------+-------++-------
  Melee: Unarmed           |    76 |       ||    76
         War axe           |    67 |    43 ||   110
         Kick              |     5 |       ||     5
         Headbutt          |     4 |       ||     4
         Punch             |     2 |       ||     2
   Cast: Beastly Appendage |     6 |       ||     6
    Use: Scroll            |       |     1 ||     1
   Stab: Sleeping          |     6 |     3 ||     9
 Armour: Robe              |    31 |     4 ||    35
  Dodge: Dodged            |   100 |    26 ||   126

Table legend: (Time is in decaauts)
 A = Elapsed time spent in this place.
 B = Non-inter-level travel time spent in this place.
 C = Inter-level travel time spent in this place.
 D = Time resting spent in this place.
 E = Time spent auto-exploring this place.
 F = Levels seen in this place.
 G = Mean time per level.
                   A        B        C        D        E       F      G
               +--------+--------+--------+--------+--------+-----+--------+
         Total |   3373 |   3169 |    204 |      0 |   2573 |   5 |  674.6 |
       Dungeon |   3358 |   3154 |    204 |      0 |   2573 |   4 |  839.5 |
        Temple |     14 |     14 |      0 |      0 |      0 |   1 |   14.0 |
               +--------+--------+--------+--------+--------+-----+--------+

Top non-repeatable levels by time:
     D:3: 1080 daAuts
     D:2: 1052 daAuts
     D:1: 822 daAuts
     D:4: 403 daAuts
  Temple: 14 daAuts
